 Dungeon Crawl Stone Soup version 0.24.0-123-gd5b16e6ec5 (webtiles) character file.

Game seed: 209559206335402505, levelgen mode: deterministic

1336 TheWoodenMan the Cleaver (level 8, -8/75 HPs)
             Began as a Minotaur Gladiator on Jan 13, 2020.
             Was a Follower of Okawaru.
             Killed from afar by a steam dragon (13 damage)
             ... with a ball of steam
             ... on level 6 of the Dungeon on Jan 27, 2020.
             The game lasted 00:09:31 (3982 turns).

TheWoodenMan the Cleaver (Minotaur Gladiator)       Turns: 3982, Time: 00:09:32

Health: -8/75      AC: 14    Str: 20    XL:     8   Next: 35%
Magic:  9/9        EV:  6    Int:  6    God:    Okawaru [*.....]
Gold:   288        SH:  0    Dex: 12    Spells: 7/7 levels left

rFire    . . .     SeeInvis .   a - +1 war axe
rCold    . . .     Gourm    .   (no shield)
rNeg     . . .     Faith    .   C - +0 plate armour
rPois    .         Spirit   .   c - +0 hat
rElec    .         Reflect  .   h - +0 cloak
rCorr    .         Harm     .   (no gloves)
MR       .....                  p - +2 pair of boots {Stlth+}
Stlth    ..........             (no amulet)
HPRegen  0.22/turn              (no ring)
MPRegen  0.11/turn              (no ring)

@: about to teleport, very slightly contaminated
A: retaliatory headbutt, horns 2
a: Heroism, Renounce Religion


You were on level 6 of the Dungeon.
You worshipped Okawaru.
Okawaru was aware of your devotion.
You were hungry.

You visited 2 branches of the dungeon, and saw 7 of its levels.

You collected 288 gold pieces.

Inventory:

Hand Weapons
 a - a +1 war axe (weapon)
Missiles
 d - 3 throwing nets (quivered)
Armour
 b - a +0 leather armour
 c - a +0 hat (worn)
 e - a +0 scale mail
 h - a +0 cloak (worn)
 p - a +2 pair of boots of stealth (worn)
 C - a +0 plate armour (worn)
Jewellery
 v - an uncursed amulet of guardian spirit {unknown}
 z - an uncursed ring of wizardry {unknown}
Wands
 u - a wand of paralysis (11)
 y - a wand of disintegration (12)
 A - a wand of iceblast (9)
 B - a wand of flame (17)
Scrolls
 i - 3 scrolls of enchant armour
 m - a scroll of enchant weapon
 o - a scroll of identify
 w - 2 scrolls of magic mapping
Potions
 g - 2 potions of lignification
 j - a potion of berserk rage {unknown}
 l - a potion of ambrosia {unknown}
 n - 2 potions of might
 r - a potion of flight
 s - a potion of curing {unknown}
 t - a potion of mutation {unknown}
 x - a potion of magic {unknown}
Comestibles
 f - 8 rations


   Skills:
 + Level 8.5 Fighting
 + Level 9.0 Axes
 - Level 2.0 Throwing
 - Level 3.2 Dodging
 + Level 3.1 Invocations


You had 7 spell levels left.
You didn't know any spells.
Your spell library contained the following spells:

 Spells                   Type           Power        Failure   Level  Hunger
 Summon Small Mammal      Summ           #...         100%        1    ##.....
 Call Imp                 Summ           #.......     100%        2    ###....
 Call Canine Familiar     Summ           #.......     100%        3    ####...
 Summon Guardian Golem    Hex/Summ       #.......     100%        3    ####...
 Summon Ice Beast         Ice/Summ       #.......     100%        4    #####..
 Summon Lightning Spire   Summ/Air       #.......     100%        4    #####..


Dungeon Overview and Level Annotations

Branches:
Dungeon (6/15)             Temple (1/1) D:5

Altars:
Ashenzari
Cheibriados
Dithmenos
Elyvilon
Fedhas
Gozag
Hepliaklqana
Makhleb
Nemelex Xobeh
Okawaru
Qazlal
Sif Muna
Trog
Uskayaw
Vehumet
Wu Jian
Xom
Yredelemnul
Zin
The Shining One
Beogh

Shops:
D:5 %   D:6 (

Annotations:
D:4 2 transporters, MisterT's ghost, amateur DECj
D:5 3 runed translucent doors, Nilihum's ghost, amateur OpTm


Innate Abilities, Weirdness & Mutations

You reflexively headbutt those who attack you in melee.
You have a pair of horns on your head.


Message History

The steam dragon resists.
The ball of steam hits you!
* * * LOW HITPOINT WARNING * * *
You closely miss the steam dragon.
The steam dragon is almost dead.
You are engulfed in a cloud of scalding steam.
* * * LOW HITPOINT WARNING * * *
The steam dragon bites you.
* * * LOW HITPOINT WARNING * * *
The steam dragon barely misses you.
Okay, then.
Blink to where?
Press: ? - help, Dir - move target cursor You are very lightly contaminated with residual magic.
As you read the scroll of blinking, it crumbles to dust.
As you read the scroll labeled BACI GAZAW, it crumbles to dust.
You feel strangely unstable.
It was a scroll of teleportation.
Okay, then.
The steam dragon breathes steam at you. The ball of steam hits you!
You die...

#.........##
#.....
#.........#
.....
#...).....#
<...
#........##
...
##.......#
...
##......#
###.####
#.## ## #@.#
≈# ##§# .≈#
#§# ####.≈#
#.###§§D.≈#
#.D#.§§.≈#
#...§.8.≈#
##.#.D§≈≈#
####§§≈##
#####


There were no monsters in sight!

Vanquished Creatures
  An ice beast (D:6)
  A necrophage (D:6)
  3 ogres
  A centaur (D:5)
  2 bullfrogs (D:6)
  A water moccasin zombie (D:4)
  A scorpion (D:5)
  A howler monkey (D:4)
  A bullfrog zombie (D:4)
  A centaur zombie (D:4)
  A hound (D:4)
  A jelly (D:6)
  2 orc wizards
  An orc priest (D:4)
  2 iguanas
  3 worker ants
  A worker ant zombie (D:4)
  A howler monkey skeleton (D:4)
  A howler monkey zombie (D:4)
  7 adders
  3 gnolls (D:2)
  2 adder zombies (D:4)
  An adder skeleton (D:4)
  6 worms
  A dart slug (D:2)
  2 leopard geckos
  8 orcs
  A ball python (D:4)
  5 bats
  6 giant cockroaches
  6 goblins
  3 hobgoblins
  15 jackals
  4 quokkas
  2 ball python zombies (D:4)
  2 frilled lizards
  2 giant cockroach zombies (D:4)
  6 kobolds
  A leopard gecko skeleton (D:4)
  A leopard gecko zombie (D:4)
  A quokka skeleton (D:4)
  A quokka zombie (D:4)
  8 rats
120 creatures vanquished.

Notes
Turn   | Place    | Note
-------+----------+-------------------------------------------
     0 | D:1      | TheWoodenMan the Minotaur Gladiator began the quest for the
                  | Orb.
     0 | D:1      | Reached XP level 1. HP: 18/18 MP: 0/0
   440 | D:1      | Reached skill level 4 in Axes
   440 | D:1      | Reached XP level 2. HP: 24/25 MP: 1/1
   733 | D:2      | Reached XP level 3. HP: 28/31 MP: 2/2
   939 | D:2      | Reached XP level 4. HP: 39/40 MP: 3/3
   948 | D:2      | Reached skill level 5 in Axes
  1126 | D:2      | Found a burning altar of Makhleb.
  1359 | D:3      | Reached XP level 5. HP: 47/47 MP: 4/4
  1363 | D:3      | Reached skill level 5 in Fighting
  1823 | D:4      | Noticed an ogre
  1895 | D:4      | Noticed an ogre
  1926 | D:4      | Reached skill level 6 in Axes
  1935 | D:4      | Killed an ogre
  1935 | D:4      | Reached XP level 6. HP: 40/57 MP: 5/5
  2017 | D:4      | Reached skill level 7 in Axes
  2020 | D:4      | Reached XP level 7. HP: 24/64 MP: 6/6
  2357 | D:4      | Found a stormy altar of Qazlal.
  2363 | D:4      | Found a glowing silver altar of Zin.
  2367 | D:4      | Found a hide-covered altar of Uskayaw.
  2368 | D:4      | Found a snail-covered altar of Cheibriados.
  2370 | D:4      | Found a sparkling altar of Nemelex Xobeh.
  2692 | D:4      | Noticed MisterT's ghost (amateur DECj)
  2701 | D:4      | Found a transporter.
  2717 | D:4      | Found a transporter.
  2813 | D:5      | Entered Level 5 of the Dungeon
  2837 | D:5      | Found a runed translucent gate.
  2889 | D:5      | Found a staircase to the Ecumenical Temple.
  2909 | Temple   | Entered the Ecumenical Temple
  2999 | Temple   | Became a worshipper of Warmaster Okawaru
  3063 | D:5      | Reached skill level 8 in Axes
  3108 | D:5      | Reached skill level 1 in Invocations
  3116 | D:5      | Found a basalt altar of Yredelemnul.
  3201 | D:5      | Found Ecit's Food Emporium.
  3259 | D:5      | Found a runed translucent gate.
  3259 | D:5      | Found a runed translucent gate.
  3260 | D:5      | Noticed Nilihum's ghost (amateur OpTm)
  3263 | D:5      | Found a roughly hewn altar of Beogh.
  3278 | D:5      | Found a white marble altar of Elyvilon.
  3589 | D:6      | Reached * piety under Okawaru
  3589 | D:6      | Reached XP level 8. HP: 40/74 MP: 8/8
  3636 | D:6      | Found Unyfejua's Weapon Emporium.
  3835 | D:6      | Reached skill level 9 in Axes
  3982 | D:6      | Killed from afar by a steam dragon

Levels and vault maps discovered:
D:1:      kennysheep_arrival_forest, layout_loops_ring
D:2:      layout_loops_ring, bloody_makhleb
D:3:      layout_basic, first_ration
D:4:      cheibrodos_quashed, layout_rooms, minitemple,
          gammafunk_ghost_stat_death, serial_undead, serial_undead_e,
          serial_undead_d, serial_undead_f, serial_undead_a, serial_undead_f,
          serial_undead_c, minmay_misc_feat_x, minmay_bisected
D:5:      cheibrodos_iron_armory, layout_loops_cross, kennysheep_ying_yang,
          minmay_temple_entry_statues_pillars, biasface_ghost_orc_armoury,
          serial_shops, shop
D:6:      cheibrodos_steamvent, layout_rooms, nicolae_overflow_crystal_walls,
          serial_shops, shop_fountains
Temple:   dshaligram_water_room_temple

Skill      XL: |  1  2  3  4  5  6  7  8 |
---------------+-------------------------+-----
Axes           | 4 5 6 7 8 9 |  9.0
Fighting       | 3 4 5 6 8 |  8.5
Invocations    | 2 3 |  3.1
Throwing       | |  2.0
Dodging        | |  3.2

Action                   |  1- 3 |  4- 6 |  7- 9 || total
-------------------------+-------+-------+-------++-------
Melee: War axe           |    84 |    97 |   107 ||   288
       Headbutt          |    18 |    17 |    22 ||    57
  Use: Potion            |       |     1 |       ||     1
       Scroll            |       |       |    12 ||    12
  Eat: Chunk             |       |     4 |     2 ||     6
       Ration            |       |       |     1 ||     1
Armor: Scale mail        |    29 |    40 |    36 ||   105
       Leather armour    |     1 |       |       ||     1
       Plate armour      |       |       |     5 ||     5
Dodge: Dodged            |    46 |    63 |    61 ||   170
